Oilers vs BlackHawks

Created - 24 mars 2021 at 21:21

Goals
1 2 3 T
Oilers 0 0 1 1
BlackHawks 3 0 1 4
Shots
1 2 3 T
Oilers 6 10 12 28
BlackHawks 18 16 11 45

1st period

1. BlackHawks , Justin Faulk 6 (Erik Johnson 25, Phillip Danault 50) at 6:35 (PP)
2. BlackHawks , Brandon Carlo 7 (Phil Kessel 24, Adam Larsson 13) at 14:40
3. BlackHawks , Justin Faulk 7 (Phillip Danault 51, Nick Foligno 9) at 19:22

Penalties :
Justin Faulk (CHI) for Slashing (Minor) at 0:33, Yanni Gourde (EDM) for Interference (Minor) at 3:46, Evander Kane (EDM) for Holding (Minor) at 6:07, Evander Kane (EDM) for Hooking (Minor) at 16:01, Ivan Barbashev (CHI) for Interference (Minor) at 18:49, Jacob Trouba (EDM) for Roughing (Minor) at 18:49

2nd period

No Goal

Penalties :
Adam Larsson (CHI) for Hooking (Minor) at 0:58, Adam Lowry (EDM) for High sticking (Minor) at 8:54, Barrett Hayton (EDM) for Hooking (Minor) at 10:17

3rd period

4. Oilers , Nick Cousins 5 (Barclay Goodrow 10, Adam Lowry 11) at 1:06
5. BlackHawks , Phil Kessel 18 (Max Domi 33, Brandon Carlo 18) at 8:49

Penalties :
Barclay Goodrow (EDM) for Roughing (Minor) at 8:51

Goalie Stats

Jonathan Quick (EDM), 41 saves from 45 shots - (0,911), L, 10-12-2, 60:00 minutes
Mikko Koskinen (CHI), 27 saves from 28 shots - (0,964), W, 30-32-5, 60:00 minutes

Players Stats for Oilers

Player Name              G  A  P  +/- PIM S  H  SB GA TA FO     MP     PP MP  PK MP  
------------------------------------------------------------------------------------
Adam Lowry               0  1  1   1  2   0  0  1  0  0  16/29  18:04   0:00   3:57 
Barclay Goodrow          0  1  1   1  2   0  3  0  0  0  0/1    18:03   0:00   3:56 
Barrett Hayton           0  0  0  -1  2   1  0  0  0  0  2/13    7:43   2:20   1:23 
Brenden Dillon           0  0  0   0  0   1  3  1  0  0  0/0    17:29   0:00   4:34 
Brent Burns              0  0  0  -1  0   1  0  0  0  0  0/0    21:20   1:59   0:36 
Dylan DeMelo             0  0  0  -1  0   2  1  1  0  0  0/0    20:42   1:59   4:37 
Evander Kane             0  0  0  -2  4   3  5  0  0  0  0/4    16:30   1:38   0:00 
Gustav Nyquist           0  0  0  -2  0   4  0  1  0  0  2/3    16:32   1:38   0:00 
Jacob Trouba             0  0  0  -1  2   3  5  0  0  0  0/0    20:35   1:59   0:36 
Leo Komarov              0  0  0  -1  0   0  1  0  0  0  0/4     9:16   0:00   5:16 
Nick Cousins             1  0  1   1  0   3  0  0  0  0  0/1    15:27   0:00   1:19 
Pavel Zacha              0  0  0   0  0   4  0  0  0  0  11/19  15:33   2:20   0:00 
Riley Nash               0  0  0  -1  0   0  0  0  0  0  1/2     4:48   0:00   0:48 
Ryan Johansen            0  0  0  -1  0   2  0  0  0  0  13/24  17:05   1:38   2:18 
Sam Bennett              0  0  0   0  0   1  3  0  0  0  0/1    12:59   0:00   0:00 
Travis Hamonic           0  0  0  -1  0   0  3  2  0  0  0/0    19:14   0:00   4:37 
Vladislav Gavrikov       0  0  0   0  0   0  4  0  0  0  0/0    20:39   1:59   4:34 
Yanni Gourde             0  0  0   0  2   3  1  1  0  0  1/1    15:32   2:20   0:00 

Players Stats for BlackHawks

Player Name              G  A  P  +/- PIM S  H  SB GA TA FO     MP     PP MP  PK MP  
------------------------------------------------------------------------------------
Adam Larsson             0  1  1   2  2   3  2  1  0  0  0/0    18:54   3:45   0:52 
Andrej Sekera            0  0  0   0  0   0  1  0  0  0  0/0     4:13   0:00   0:03 
Ben Hutton               0  0  0   0  0   0  0  1  0  0  0/0     4:19   0:00   0:09 
Brandon Carlo            1  1  2   2  0   6  2  1  0  0  0/0    20:06   3:45   2:03 
Curtis Lazar             0  0  0   0  0   1  1  0  0  0  2/2    13:08   0:00   0:00 
Erik Johnson             0  1  1   0  0   2  1  2  0  0  0/0    25:46   6:02   1:52 
Ivan Barbashev           0  0  0   0  2   3  1  1  0  0  1/1    13:07   0:00   0:00 
Jaden Schwartz           0  0  0   2  0   2  1  0  0  0  1/3    21:07   3:37   1:58 
Jake McCabe              0  0  0   0  0   0  3  0  0  0  0/0    12:04   0:00   2:09 
Jared McCann             0  0  0   0  0   4  0  0  0  0  9/20   13:08   0:00   0:00 
Johnny Boychuk           0  0  0   0  0   1  1  0  0  0  0/0     9:55   0:00   0:00 
Justin Faulk             2  0  2   0  2   4  4  1  0  0  0/0    24:41   6:02   0:48 
Kyle Palmieri            0  0  0  -1  0   5  0  0  0  0  2/3    19:12   6:10   0:00 
Lawson Crouse            0  0  0   0  0   1  0  0  0  0  0/0     3:06   0:00   0:18 
Max Domi                 0  1  1   2  0   4  1  0  0  0  17/26  20:49   3:37   1:40 
Nick Foligno             0  1  1   0  0   3  2  0  0  0  0/3    25:45   6:10   2:00 
Phil Kessel              1  1  2   2  0   2  0  0  0  0  0/1    18:55   3:37   0:00 
Phillip Danault          0  2  2   0  0   4  1  0  0  0  24/43  25:45   6:10   2:00 

3 Stars

1 - Brandon Carlo (CHI)
2 - Justin Faulk (CHI)
3 - Phil Kessel (CHI)

Power Play

Oilers - 0 on 2 Attempt(s) - 0,00%
BlackHawks - 1 on 6 Attempt(s) - 16,67%

Penalty Kill

Oilers - 5 on 6 Attempt(s) - 83,33% - Score 0 goal in Penalty Kill
BlackHawks - 2 on 2 Attempt(s) - 100,00% - Score 0 goal in Penalty Kill

Team Stat

Oilers - Hits : 29 - Faceoff Wins : 46 - Blocked Shots : 7 - Penalty Minutes : 14
BlackHawks - Hits : 21 - Faceoff Wins : 56 - Blocked Shots : 7 - Penalty Minutes : 6

Official

Referees : Chris Lee and Justin Kea
Linesman : Libor Suchanek and Jaime Alary

Game Notes

No Game Note

Finance

Level 1 -- Attendance: 2684 (41,29%) -- Ticket Income 671 000 $
Level 2 -- Attendance: 2070 (41,40%) -- Ticket Income 414 000 $
Level 3 -- Attendance: 1151 (32,89%) -- Ticket Income 201 425 $
Level 4 -- Attendance: 738 (19,85%) -- Ticket Income 110 700 $
Luxury Box -- Attendance: 530 (53,00%) -- Ticket Income 212 000 $
Game was played at the United Center.
Total Attendance: 7173 (36,38%)
Total Ticket Income: 1 609 125 $
Other Income: 788 471 $
Total Income: 2 397 596 $

% Time on Ice - Oilers

Lines # - Real PCT - Wanted PCT - Time Play
Normal Forward
1 - 30% - 30% - 13:09
2 - 29% - 30% - 12:59
3 - 32% - 30% - 14:08
4 - 9% - 10% - 4:00
Normal Defense
1 - 41% - 40% - 18:01
2 - 30% - 30% - 13:22
3 - 29% - 30% - 12:53
4 - 0% - 0% - 0:00
PP Forward
1 - 41% - 60% - 1:38
2 - 59% - 40% - 2:20
PP Defense
1 - 50% - 60% - 1:59
2 - 50% - 40% - 1:59
PK Forward
1 - 75% - 60% - 6:53
2 - 25% - 40% - 2:18
PK Defense
1 - 50% - 60% - 4:34
2 - 50% - 40% - 4:37
PK3 Forward
1 - 100% - 60% - 0:36
2 - 0% - 40% - 0:00
PK3 Defense
1 - 100% - 60% - 0:36
2 - 0% - 40% - 0:00
44 Forward
1 - 88% - 60% - 1:45
2 - 12% - 40% - 0:14
44 Defense
1 - 63% - 60% - 1:15
2 - 37% - 40% - 0:44
Last Minute Offensive  - 0:00
Last Minute Defensive  - 0:00
Total
Forward - 60:00
Defense - 60:00

% Time on Ice - BlackHawks

Lines # - Real PCT - Wanted PCT - Time Play
Normal Forward
1 - 29% - 40% - 13:02
2 - 35% - 30% - 15:18
3 - 30% - 20% - 13:08
4 - 6% - 10% - 2:48
Normal Defense
1 - 37% - 40% - 16:16
2 - 31% - 30% - 13:55
3 - 22% - 20% - 9:55
4 - 9% - 10% - 4:10
PP Forward
1 - 63% - 60% - 6:10
2 - 37% - 40% - 3:37
PP Defense
1 - 62% - 60% - 6:02
2 - 38% - 40% - 3:45
PK Forward
1 - 58% - 60% - 2:18
2 - 42% - 40% - 1:40
PK Defense
1 - 48% - 60% - 1:55
2 - 52% - 40% - 2:03
PK3 Forward
1 - 0% - 60%
2 - 0% - 40%
PK3 Defense
1 - 0% - 60%
2 - 0% - 40%
44 Forward
1 - 88% - 60% - 1:45
2 - 12% - 40% - 0:14
44 Defense
1 - 81% - 60% - 1:36
2 - 19% - 40% - 0:23
Last Minute Offensive  - 0:00
Last Minute Defensive  - 0:00
Total
Forward - 60:00
Defense - 60:00

Play-by-Play

1st period


0:01 of 1st period - Kyle Palmieri wins face-off versus Ryan Johansen in neutral zone.
0:19 of 1st period - Gustav Nyquist is hit by Erik Johnson and loses puck.
0:22 of 1st period - Shot by Jacob Trouba.
0:22 of 1st period - Shot Blocked by Erik Johnson.
0:24 of 1st period - Shot by Brent Burns.
0:24 of 1st period - Shot Blocked by Justin Faulk.
0:33 of 1st period - Minor Penalty to Justin Faulk for Slashing.
0:34 of 1st period - Phillip Danault wins face-off versus Barrett Hayton in BlackHawks zone.
1:56 of 1st period - Icing by Jacob Trouba.
1:57 of 1st period - Phillip Danault wins face-off versus Ryan Johansen in Oilers zone.
2:31 of 1st period - Shot by Ryan Johansen.
2:31 of 1st period - Shot Misses the Net.
2:33 of 1st period - Shot by Ryan Johansen.
2:33 of 1st period - Stopped by Mikko Koskinen without a rebound.
2:34 of 1st period - Jared McCann wins face-off versus Adam Lowry in BlackHawks zone.
2:34 of 1st period - Jared McCann is hit by Barclay Goodrow.
2:37 of 1st period - Icing by Ivan Barbashev.
2:38 of 1st period - Jared McCann wins face-off versus Adam Lowry in BlackHawks zone.
2:49 of 1st period - Shot by Jared McCann.
2:49 of 1st period - Stopped by Jonathan Quick without a rebound.
2:50 of 1st period - Adam Lowry wins face-off versus Jaden Schwartz in Oilers zone.
3:02 of 1st period - Jaden Schwartz is hit by Jacob Trouba and loses puck.
3:30 of 1st period - Phil Kessel is hit by Jacob Trouba and loses puck.
3:46 of 1st period - Minor Penalty to Yanni Gourde for Interference.
3:47 of 1st period - Ryan Johansen wins face-off versus Phillip Danault in Oilers zone.
3:47 of 1st period - Ryan Johansen is hit by Nick Foligno.
3:54 of 1st period - Icing by Phillip Danault.
3:55 of 1st period - Adam Lowry wins face-off versus Phillip Danault in BlackHawks zone.
4:24 of 1st period - Shot by Kyle Palmieri.
4:24 of 1st period - Stopped by Jonathan Quick without a rebound.
4:25 of 1st period - Ryan Johansen wins face-off versus Max Domi in Oilers zone.
4:48 of 1st period - Shot by Max Domi.
4:48 of 1st period - Stopped by Jonathan Quick with a rebound.
4:50 of 1st period - Shot by Adam Larsson.
4:50 of 1st period - Stopped by Jonathan Quick without a rebound.
4:51 of 1st period - Phillip Danault wins face-off versus Barrett Hayton in Oilers zone.
5:16 of 1st period - Shot by Nick Foligno.
5:16 of 1st period - Stopped by Jonathan Quick without a rebound.
5:17 of 1st period - Ryan Johansen wins face-off versus Max Domi in Oilers zone.
5:27 of 1st period - Shot by Max Domi.
5:27 of 1st period - Shot Misses the Net.
5:29 of 1st period - Shot by Brandon Carlo.
5:29 of 1st period - Stopped by Jonathan Quick without a rebound.
5:30 of 1st period - Adam Lowry wins face-off versus Phillip Danault in Oilers zone.
5:56 of 1st period - Off-side.
5:57 of 1st period - Ryan Johansen wins face-off versus Jared McCann in neutral zone.
6:07 of 1st period - Minor Penalty to Evander Kane for Holding.
6:08 of 1st period - Adam Lowry wins face-off versus Phillip Danault in Oilers zone.
6:13 of 1st period - Shot by Kyle Palmieri.
6:13 of 1st period - Shot Misses the Net.
6:31 of 1st period - Shot by Phillip Danault.
6:31 of 1st period - Shot Misses the Net.
6:33 of 1st period - Shot by Erik Johnson.
6:33 of 1st period - Shot Misses the Net.
6:35 of 1st period - Shot by Justin Faulk.
6:35 of 1st period - Goal by Justin Faulk - Oilers : 0 - BlackHawks : 1.
6:36 of 1st period - Max Domi wins face-off versus Pavel Zacha in neutral zone.
6:59 of 1st period - Shot by Pavel Zacha.
6:59 of 1st period - Shot Misses the Net.
7:05 of 1st period - Shot by Yanni Gourde.
7:05 of 1st period - Shot Misses the Net.
7:07 of 1st period - Shot by Yanni Gourde.
7:07 of 1st period - Deflect By Pavel Zacha.
7:07 of 1st period - Shot Misses the Net.
7:15 of 1st period - Shot by Pavel Zacha.
7:15 of 1st period - Stopped by Mikko Koskinen without a rebound.
7:16 of 1st period - Phillip Danault wins face-off versus Ryan Johansen in BlackHawks zone.
7:18 of 1st period - Icing by Erik Johnson.
7:19 of 1st period - Phillip Danault wins face-off versus Ryan Johansen in BlackHawks zone.
7:32 of 1st period - Icing by Travis Hamonic.
7:33 of 1st period - Ryan Johansen wins face-off versus Jared McCann in Oilers zone.
7:51 of 1st period - Icing by Brandon Carlo.
7:52 of 1st period - Pavel Zacha wins face-off versus Jared McCann in BlackHawks zone.
7:55 of 1st period - Shot by Yanni Gourde.
7:55 of 1st period - Stopped by Mikko Koskinen without a rebound.
7:56 of 1st period - Pavel Zacha wins face-off versus Phillip Danault in BlackHawks zone.
7:56 of 1st period - Pavel Zacha is hit by Justin Faulk.
8:01 of 1st period - Icing by Erik Johnson.
8:02 of 1st period - Kyle Palmieri wins face-off versus Pavel Zacha in BlackHawks zone.
8:02 of 1st period - Kyle Palmieri is hit by Sam Bennett.
8:43 of 1st period - Shot by Phillip Danault.
8:43 of 1st period - Shot Misses the Net.
9:10 of 1st period - Shot by Max Domi.
9:10 of 1st period - Stopped by Jonathan Quick without a rebound.
9:11 of 1st period - Jared McCann wins face-off versus Barclay Goodrow in Oilers zone.
9:11 of 1st period - Curtis Lazar is hit by Travis Hamonic and loses puck.
9:27 of 1st period - Off-side.
9:28 of 1st period - Max Domi wins face-off versus Ryan Johansen in neutral zone.
9:33 of 1st period - Shot by Phil Kessel.
9:33 of 1st period - Stopped by Jonathan Quick without a rebound.
9:34 of 1st period - Ryan Johansen wins face-off versus Phillip Danault in Oilers zone.
10:30 of 1st period - Vladislav Gavrikov is hit by Brandon Carlo and loses puck.
10:56 of 1st period - Barclay Goodrow is hit by Adam Larsson and loses puck.
11:14 of 1st period - Icing by Brent Burns.
11:15 of 1st period - Jared McCann wins face-off versus Adam Lowry in Oilers zone.
11:53 of 1st period - Shot by Jake McCabe.
11:53 of 1st period - Shot Misses the Net.
12:20 of 1st period - Icing by Brent Burns.
12:21 of 1st period - Phillip Danault wins face-off versus Adam Lowry in Oilers zone.
13:05 of 1st period - Shot by Yanni Gourde.
13:05 of 1st period - Shot Misses the Net.
13:07 of 1st period - Shot by Dylan DeMelo.
13:07 of 1st period - Stopped by Mikko Koskinen with a rebound.
13:09 of 1st period - Shot by Yanni Gourde.
13:09 of 1st period - Shot Misses the Net.
13:52 of 1st period - Off-side.
13:53 of 1st period - Max Domi wins face-off versus Barrett Hayton in neutral zone.
14:00 of 1st period - Shot by Justin Faulk.
14:00 of 1st period - Stopped by Jonathan Quick without a rebound.
14:01 of 1st period - Max Domi wins face-off versus Ryan Johansen in Oilers zone.
14:06 of 1st period - Shot by Jaden Schwartz.
14:06 of 1st period - Stopped by Jonathan Quick without a rebound.
14:07 of 1st period - Jared McCann wins face-off versus Ryan Johansen in Oilers zone.
14:10 of 1st period - Shot by Ivan Barbashev.
14:10 of 1st period - Shot Misses the Net.
14:20 of 1st period - Shot by Evander Kane.
14:20 of 1st period - Shot Misses the Net.
14:22 of 1st period - Shot by Gustav Nyquist.
14:22 of 1st period - Shot Misses the Net.
14:24 of 1st period - Shot by Evander Kane.
14:24 of 1st period - Stopped by Mikko Koskinen without a rebound.
14:25 of 1st period - Max Domi wins face-off versus Barrett Hayton in BlackHawks zone.
14:38 of 1st period - Shot by Phil Kessel.
14:38 of 1st period - Shot Misses the Net.
14:40 of 1st period - Shot by Brandon Carlo.
14:40 of 1st period - Goal by Brandon Carlo - Oilers : 0 - BlackHawks : 2.
14:41 of 1st period - Pavel Zacha wins face-off versus Jared McCann in neutral zone.
14:41 of 1st period - Pavel Zacha is hit by Curtis Lazar.
15:00 of 1st period - Jared McCann is hit by Jacob Trouba.
15:17 of 1st period - Shot by Curtis Lazar.
15:17 of 1st period - Shot Misses the Net.
15:20 of 1st period - Icing by Brent Burns.
15:21 of 1st period - Max Domi wins face-off versus Pavel Zacha in Oilers zone.
16:01 of 1st period - Minor Penalty to Evander Kane for Hooking.
16:02 of 1st period - Adam Lowry wins face-off versus Phillip Danault in Oilers zone.
16:19 of 1st period - Shot by Phillip Danault.
16:19 of 1st period - Shot Blocked by Travis Hamonic.
16:21 of 1st period - Shot by Phillip Danault.
16:21 of 1st period - Stopped by Jonathan Quick without a rebound.
16:22 of 1st period - Adam Lowry wins face-off versus Phillip Danault in Oilers zone.
18:02 of 1st period - Shot by Pavel Zacha.
18:02 of 1st period - Stopped by Mikko Koskinen without a rebound.
18:03 of 1st period - Pavel Zacha wins face-off versus Jared McCann in BlackHawks zone.
18:14 of 1st period - Shot by Jared McCann.
18:14 of 1st period - Shot Misses the Net.
18:16 of 1st period - Shot by Curtis Lazar.
18:16 of 1st period - Shot Misses the Net.
18:18 of 1st period - Shot by Johnny Boychuk.
18:18 of 1st period - Stopped by Jonathan Quick without a rebound.
18:19 of 1st period - Adam Lowry wins face-off versus Jared McCann in Oilers zone.
18:35 of 1st period - Jared McCann is hit by Jacob Trouba and loses puck.
18:49 of 1st period - Minor Penalty to Ivan Barbashev for Interference.
18:49 of 1st period - Minor Penalty to Jacob Trouba for Roughing.
18:50 of 1st period - Phillip Danault wins face-off versus Evander Kane in Oilers zone.
18:51 of 1st period - Shot by Erik Johnson.
18:51 of 1st period - Stopped by Jonathan Quick without a rebound.
18:52 of 1st period - Gustav Nyquist wins face-off versus Phillip Danault in Oilers zone.
19:05 of 1st period - Justin Faulk is hit by Evander Kane.
19:14 of 1st period - Shot by Erik Johnson.
19:14 of 1st period - Shot Misses the Net.
19:16 of 1st period - Shot by Phillip Danault.
19:16 of 1st period - Stopped by Jonathan Quick with a rebound.
19:20 of 1st period - Shot by Phillip Danault.
19:20 of 1st period - Shot Blocked by Gustav Nyquist.
19:22 of 1st period - Shot by Justin Faulk.
19:22 of 1st period - Goal by Justin Faulk - Oilers : 0 - BlackHawks : 3.
19:23 of 1st period - Phillip Danault wins face-off versus Evander Kane in neutral zone.
19:45 of 1st period - Shot by Brandon Carlo.
19:45 of 1st period - Stopped by Jonathan Quick without a rebound.
19:46 of 1st period - Yanni Gourde wins face-off versus Max Domi in Oilers zone.
19:46 of 1st period - Yanni Gourde is hit by Max Domi.
Goals for this period are 0 for Oilers vs 3 for BlackHawks.
Shots for this period are 6 for Oilers vs 18 for BlackHawks.

2nd period


0:01 of 2nd period - Phillip Danault wins face-off versus Evander Kane in neutral zone.
0:24 of 2nd period - Shot by Evander Kane.
0:24 of 2nd period - Shot Misses the Net.
0:27 of 2nd period - Icing by Phillip Danault.
0:28 of 2nd period - Phillip Danault wins face-off versus Evander Kane in BlackHawks zone.
0:58 of 2nd period - Minor Penalty to Adam Larsson for Hooking.
0:59 of 2nd period - Phillip Danault wins face-off versus Pavel Zacha in BlackHawks zone.
1:08 of 2nd period - Shot by Brent Burns.
1:08 of 2nd period - Stopped by Mikko Koskinen with a rebound.
1:10 of 2nd period - Shot by Yanni Gourde.
1:10 of 2nd period - Shot Misses the Net.
1:22 of 2nd period - Shot by Jacob Trouba.
1:22 of 2nd period - Stopped by Mikko Koskinen without a rebound.
1:23 of 2nd period - Ryan Johansen wins face-off versus Jaden Schwartz in BlackHawks zone.
1:26 of 2nd period - Shot by Dylan DeMelo.
1:26 of 2nd period - Deflect By Evander Kane.
1:26 of 2nd period - Stopped by Mikko Koskinen without a rebound.
1:27 of 2nd period - Gustav Nyquist wins face-off versus Phillip Danault in BlackHawks zone.
1:54 of 2nd period - Max Domi is hit by Evander Kane and loses puck.
2:11 of 2nd period - Shot by Lawson Crouse.
2:11 of 2nd period - Stopped by Jonathan Quick without a rebound.
2:12 of 2nd period - Phillip Danault wins face-off versus Barrett Hayton in Oilers zone.
2:16 of 2nd period - Icing by Brent Burns.
2:17 of 2nd period - Phillip Danault wins face-off versus Barrett Hayton in Oilers zone.
2:20 of 2nd period - Shot by Phillip Danault.
2:20 of 2nd period - Stopped by Jonathan Quick with a rebound.
2:28 of 2nd period - Shot by Jacob Trouba.
2:28 of 2nd period - Stopped by Mikko Koskinen without a rebound.
2:29 of 2nd period - Phillip Danault wins face-off versus Barrett Hayton in BlackHawks zone.
2:29 of 2nd period - Phillip Danault is hit by Yanni Gourde.
3:13 of 2nd period - Shot by Jared McCann.
3:13 of 2nd period - Shot Misses the Net.
3:15 of 2nd period - Shot by Erik Johnson.
3:15 of 2nd period - Shot Blocked by Adam Lowry.
3:17 of 2nd period - Shot by Curtis Lazar.
3:17 of 2nd period - Stopped by Jonathan Quick with a rebound.
3:51 of 2nd period - Shot by Max Domi.
3:51 of 2nd period - Shot Misses the Net.
5:01 of 2nd period - Off-side.
5:02 of 2nd period - Pavel Zacha wins face-off versus Jared McCann in neutral zone.
5:02 of 2nd period - Brent Burns is hit by Ivan Barbashev and loses puck.
5:20 of 2nd period - Pavel Zacha is hit by Justin Faulk and loses puck.
5:54 of 2nd period - Brent Burns is hit by Justin Faulk and loses puck.
6:28 of 2nd period - Icing by Brandon Carlo.
6:29 of 2nd period - Max Domi wins face-off versus Barrett Hayton in BlackHawks zone.
6:31 of 2nd period - Icing by Adam Larsson.
6:32 of 2nd period - Barrett Hayton wins face-off versus Max Domi in BlackHawks zone.
6:56 of 2nd period - Leo Komarov is hit by Adam Larsson and loses puck.
6:59 of 2nd period - Shot by Riley Nash.
6:59 of 2nd period - Deflect By Barrett Hayton.
6:59 of 2nd period - Stopped by Mikko Koskinen without a rebound.
7:00 of 2nd period - Ryan Johansen wins face-off versus Phillip Danault in BlackHawks zone.
8:27 of 2nd period - Shot by Sam Bennett.
8:27 of 2nd period - Stopped by Mikko Koskinen with a rebound.
8:29 of 2nd period - Shot by Yanni Gourde.
8:29 of 2nd period - Stopped by Mikko Koskinen without a rebound.
8:30 of 2nd period - Curtis Lazar wins face-off versus Adam Lowry in BlackHawks zone.
8:54 of 2nd period - Minor Penalty to Adam Lowry for High sticking.
8:55 of 2nd period - Phillip Danault wins face-off versus Leo Komarov in Oilers zone.
9:12 of 2nd period - Shot by Justin Faulk.
9:12 of 2nd period - Shot Misses the Net.
9:14 of 2nd period - Shot by Kyle Palmieri.
9:14 of 2nd period - Stopped by Jonathan Quick without a rebound.
9:15 of 2nd period - Max Domi wins face-off versus Leo Komarov in Oilers zone.
9:20 of 2nd period - Shot by Max Domi.
9:20 of 2nd period - Shot Blocked by Travis Hamonic.
9:22 of 2nd period - Shot by Adam Larsson.
9:22 of 2nd period - Shot Misses the Net.
9:24 of 2nd period - Shot by Adam Larsson.
9:24 of 2nd period - Stopped by Jonathan Quick with a rebound.
9:26 of 2nd period - Shot by Brandon Carlo.
9:26 of 2nd period - Stopped by Jonathan Quick without a rebound.
9:27 of 2nd period - Phillip Danault wins face-off versus Leo Komarov in Oilers zone.
9:34 of 2nd period - Shot by Brandon Carlo.
9:34 of 2nd period - Stopped by Jonathan Quick without a rebound.
9:35 of 2nd period - Phillip Danault wins face-off versus Leo Komarov in Oilers zone.
9:36 of 2nd period - Shot by Justin Faulk.
9:36 of 2nd period - Shot Misses the Net.
9:38 of 2nd period - Shot by Erik Johnson.
9:38 of 2nd period - Shot Misses the Net.
9:57 of 2nd period - Kyle Palmieri is hit by Brenden Dillon and loses puck.
10:17 of 2nd period - Minor Penalty to Barrett Hayton for Hooking.
10:18 of 2nd period - Max Domi wins face-off versus Riley Nash in Oilers zone.
10:21 of 2nd period - Shot by Adam Larsson.
10:21 of 2nd period - Stopped by Jonathan Quick without a rebound.
10:22 of 2nd period - Riley Nash wins face-off versus Max Domi in Oilers zone.
11:38 of 2nd period - Shot by Justin Faulk.
11:38 of 2nd period - Shot Misses the Net.
12:06 of 2nd period - Shot by Erik Johnson.
12:06 of 2nd period - Stopped by Jonathan Quick without a rebound.
12:07 of 2nd period - Adam Lowry wins face-off versus Phillip Danault in Oilers zone.
12:13 of 2nd period - Icing by Erik Johnson.
12:14 of 2nd period - Adam Lowry wins face-off versus Kyle Palmieri in BlackHawks zone.
12:42 of 2nd period - Curtis Lazar is hit by Evander Kane.
14:10 of 2nd period - Shot by Kyle Palmieri.
14:10 of 2nd period - Stopped by Jonathan Quick without a rebound.
14:11 of 2nd period - Pavel Zacha wins face-off versus Phillip Danault in Oilers zone.
15:03 of 2nd period - Shot by Ivan Barbashev.
15:03 of 2nd period - Shot Blocked by Yanni Gourde.
15:05 of 2nd period - Shot by Ivan Barbashev.
15:05 of 2nd period - Deflect By Curtis Lazar.
15:05 of 2nd period - Shot Misses the Net.
15:07 of 2nd period - Shot by Jared McCann.
15:07 of 2nd period - Shot Misses the Net.
15:19 of 2nd period - Shot by Ivan Barbashev.
15:19 of 2nd period - Deflect By Jared McCann.
15:19 of 2nd period - Stopped by Jonathan Quick with a rebound.
15:21 of 2nd period - Shot by Ivan Barbashev.
15:21 of 2nd period - Stopped by Jonathan Quick without a rebound.
15:22 of 2nd period - Max Domi wins face-off versus Adam Lowry in Oilers zone.
15:32 of 2nd period - Shot by Brenden Dillon.
15:32 of 2nd period - Stopped by Mikko Koskinen without a rebound.
15:33 of 2nd period - Max Domi wins face-off versus Barrett Hayton in BlackHawks zone.
15:33 of 2nd period - Max Domi is hit by Leo Komarov.
17:07 of 2nd period - Shot by Nick Foligno.
17:07 of 2nd period - Stopped by Jonathan Quick without a rebound.
17:08 of 2nd period - Ivan Barbashev wins face-off versus Ryan Johansen in Oilers zone.
17:37 of 2nd period - Shot by Ivan Barbashev.
17:37 of 2nd period - Stopped by Jonathan Quick without a rebound.
17:38 of 2nd period - Pavel Zacha wins face-off versus Nick Foligno in Oilers zone.
17:38 of 2nd period - Pavel Zacha is hit by Nick Foligno.
18:55 of 2nd period - Shot by Curtis Lazar.
18:55 of 2nd period - Shot Misses the Net.
18:57 of 2nd period - Shot by Jared McCann.
18:57 of 2nd period - Stopped by Jonathan Quick with a rebound.
18:59 of 2nd period - Shot by Ivan Barbashev.
18:59 of 2nd period - Stopped by Jonathan Quick without a rebound.
19:00 of 2nd period - Adam Lowry wins face-off versus Max Domi in Oilers zone.
19:05 of 2nd period - Shot by Barclay Goodrow.
19:05 of 2nd period - Deflect By Adam Lowry.
19:05 of 2nd period - Shot Blocked by Ben Hutton.
19:21 of 2nd period - Shot by Jacob Trouba.
19:21 of 2nd period - Shot Misses the Net.
19:29 of 2nd period - Shot by Barclay Goodrow.
19:29 of 2nd period - Shot Misses the Net.
19:31 of 2nd period - Shot by Adam Lowry.
19:31 of 2nd period - Shot Misses the Net.
19:33 of 2nd period - Shot by Nick Cousins.
19:33 of 2nd period - Stopped by Mikko Koskinen without a rebound.
19:34 of 2nd period - Ryan Johansen wins face-off versus Jared McCann in BlackHawks zone.
19:35 of 2nd period - Shot by Evander Kane.
19:35 of 2nd period - Stopped by Mikko Koskinen without a rebound.
19:36 of 2nd period - Pavel Zacha wins face-off versus Phillip Danault in BlackHawks zone.
19:48 of 2nd period - Shot by Yanni Gourde.
19:48 of 2nd period - Shot Misses the Net.
Goals for this period are 0 for Oilers vs 0 for BlackHawks.
Shots for this period are 10 for Oilers vs 16 for BlackHawks.

3rd period


0:01 of 3rd period - Phillip Danault wins face-off versus Adam Lowry in neutral zone.
0:04 of 3rd period - Shot by Kyle Palmieri.
0:04 of 3rd period - Stopped by Jonathan Quick without a rebound.
0:05 of 3rd period - Ryan Johansen wins face-off versus Phillip Danault in Oilers zone.
1:06 of 3rd period - Shot by Barclay Goodrow.
1:06 of 3rd period - Deflect By Nick Cousins.
1:06 of 3rd period - Goal by Nick Cousins - Oilers : 1 - BlackHawks : 3.
1:07 of 3rd period - Pavel Zacha wins face-off versus Max Domi in neutral zone.
1:14 of 3rd period - Shot by Pavel Zacha.
1:14 of 3rd period - Stopped by Mikko Koskinen without a rebound.
1:15 of 3rd period - Adam Lowry wins face-off versus Max Domi in BlackHawks zone.
1:37 of 3rd period - Icing by Adam Larsson.
1:38 of 3rd period - Max Domi wins face-off versus Pavel Zacha in BlackHawks zone.
1:56 of 3rd period - Phil Kessel is hit by Brenden Dillon and loses puck.
2:15 of 3rd period - Shot by Jared McCann.
2:15 of 3rd period - Stopped by Jonathan Quick without a rebound.
2:16 of 3rd period - Phillip Danault wins face-off versus Adam Lowry in Oilers zone.
2:49 of 3rd period - Shot by Barclay Goodrow.
2:49 of 3rd period - Shot Misses the Net.
2:51 of 3rd period - Shot by Adam Lowry.
2:51 of 3rd period - Shot Misses the Net.
3:14 of 3rd period - Shot by Gustav Nyquist.
3:14 of 3rd period - Stopped by Mikko Koskinen without a rebound.
3:15 of 3rd period - Jared McCann wins face-off versus Pavel Zacha in BlackHawks zone.
3:15 of 3rd period - Curtis Lazar is hit by Sam Bennett.
3:21 of 3rd period - Shot by Yanni Gourde.
3:21 of 3rd period - Stopped by Mikko Koskinen without a rebound.
3:22 of 3rd period - Ryan Johansen wins face-off versus Max Domi in BlackHawks zone.
3:33 of 3rd period - Shot by Gustav Nyquist.
3:33 of 3rd period - Stopped by Mikko Koskinen without a rebound.
3:34 of 3rd period - Jared McCann wins face-off versus Sam Bennett in BlackHawks zone.
3:52 of 3rd period - Curtis Lazar is hit by Sam Bennett and loses puck.
4:07 of 3rd period - Shot by Pavel Zacha.
4:07 of 3rd period - Stopped by Mikko Koskinen without a rebound.
4:08 of 3rd period - Phillip Danault wins face-off versus Ryan Johansen in BlackHawks zone.
4:15 of 3rd period - Shot by Nick Foligno.
4:15 of 3rd period - Deflect By Kyle Palmieri.
4:15 of 3rd period - Stopped by Jonathan Quick without a rebound.
4:16 of 3rd period - Ryan Johansen wins face-off versus Nick Foligno in Oilers zone.
4:31 of 3rd period - Off-side.
4:32 of 3rd period - Max Domi wins face-off versus Adam Lowry in neutral zone.
4:36 of 3rd period - Phil Kessel is hit by Vladislav Gavrikov and loses puck.
5:10 of 3rd period - Max Domi is hit by Travis Hamonic and loses puck.
6:01 of 3rd period - Shot by Phillip Danault.
6:01 of 3rd period - Stopped by Jonathan Quick without a rebound.
6:02 of 3rd period - Curtis Lazar wins face-off versus Pavel Zacha in Oilers zone.
6:40 of 3rd period - Curtis Lazar is hit by Dylan DeMelo and loses puck.
6:53 of 3rd period - Icing by Ivan Barbashev.
6:54 of 3rd period - Ryan Johansen wins face-off versus Jared McCann in BlackHawks zone.
7:03 of 3rd period - Shot by Gustav Nyquist.
7:03 of 3rd period - Shot Blocked by Ivan Barbashev.
7:17 of 3rd period - Shot by Gustav Nyquist.
7:17 of 3rd period - Stopped by Mikko Koskinen without a rebound.
7:18 of 3rd period - Phillip Danault wins face-off versus Barrett Hayton in BlackHawks zone.
7:49 of 3rd period - Icing by Kyle Palmieri.
7:50 of 3rd period - Phillip Danault wins face-off versus Gustav Nyquist in BlackHawks zone.
8:05 of 3rd period - Shot by Ryan Johansen.
8:05 of 3rd period - Stopped by Mikko Koskinen with a rebound.
8:18 of 3rd period - Icing by Evander Kane.
8:19 of 3rd period - Jaden Schwartz wins face-off versus Ryan Johansen in Oilers zone.
8:20 of 3rd period - Shot by Phil Kessel.
8:20 of 3rd period - Deflect By Jaden Schwartz.
8:20 of 3rd period - Shot Misses the Net.
8:35 of 3rd period - Adam Larsson is hit by Evander Kane and loses puck.
8:40 of 3rd period - Jacob Trouba is hit by Jaden Schwartz and loses puck.
8:47 of 3rd period - Shot by Max Domi.
8:47 of 3rd period - Stopped by Jonathan Quick with a rebound.
8:49 of 3rd period - Shot by Phil Kessel.
8:49 of 3rd period - Goal by Phil Kessel - Oilers : 1 - BlackHawks : 4.
8:50 of 3rd period - Jared McCann wins face-off versus Adam Lowry in neutral zone.
8:50 of 3rd period - Jared McCann is hit by Barclay Goodrow.
8:51 of 3rd period - Minor Penalty to Barclay Goodrow for Roughing.
8:52 of 3rd period - Adam Lowry wins face-off versus Phillip Danault in Oilers zone.
9:45 of 3rd period - Shot by Jaden Schwartz.
9:45 of 3rd period - Shot Misses the Net.
9:47 of 3rd period - Shot by Brandon Carlo.
9:47 of 3rd period - Stopped by Jonathan Quick without a rebound.
9:48 of 3rd period - Max Domi wins face-off versus Barrett Hayton in Oilers zone.
10:15 of 3rd period - Shot by Brandon Carlo.
10:15 of 3rd period - Shot Blocked by Brenden Dillon.
10:39 of 3rd period - Shot by Nick Foligno.
10:39 of 3rd period - Stopped by Jonathan Quick without a rebound.
10:40 of 3rd period - Adam Lowry wins face-off versus Phillip Danault in Oilers zone.
11:29 of 3rd period - Shot by Jared McCann.
11:29 of 3rd period - Deflect By Ivan Barbashev.
11:29 of 3rd period - Shot Misses the Net.
11:38 of 3rd period - Sam Bennett is hit by Andrej Sekera and loses puck.
12:33 of 3rd period - Shot by Max Domi.
12:33 of 3rd period - Shot Misses the Net.
12:35 of 3rd period - Shot by Justin Faulk.
12:35 of 3rd period - Stopped by Jonathan Quick without a rebound.
12:36 of 3rd period - Jared McCann wins face-off versus Nick Cousins in Oilers zone.
12:36 of 3rd period - Jared McCann is hit by Vladislav Gavrikov.
12:41 of 3rd period - Curtis Lazar is hit by Vladislav Gavrikov and loses puck.
13:44 of 3rd period - Shot by Leo Komarov.
13:44 of 3rd period - Shot Blocked by Brandon Carlo.
13:46 of 3rd period - Shot by Jacob Trouba.
13:46 of 3rd period - Shot Blocked by Adam Larsson.
13:48 of 3rd period - Shot by Leo Komarov.
13:48 of 3rd period - Shot Misses the Net.
13:50 of 3rd period - Shot by Jacob Trouba.
13:50 of 3rd period - Stopped by Mikko Koskinen without a rebound.
13:51 of 3rd period - Pavel Zacha wins face-off versus Phillip Danault in BlackHawks zone.
13:51 of 3rd period - Pavel Zacha is hit by Justin Faulk.
14:07 of 3rd period - Shot by Sam Bennett.
14:07 of 3rd period - Shot Misses the Net.
14:09 of 3rd period - Shot by Dylan DeMelo.
14:09 of 3rd period - Stopped by Mikko Koskinen without a rebound.
14:10 of 3rd period - Max Domi wins face-off versus Ryan Johansen in BlackHawks zone.
14:10 of 3rd period - Jaden Schwartz is hit by Evander Kane and loses puck.
14:22 of 3rd period - Max Domi is hit by Vladislav Gavrikov and loses puck.
14:33 of 3rd period - Shot by Phil Kessel.
14:33 of 3rd period - Shot Misses the Net.
14:35 of 3rd period - Shot by Jake McCabe.
14:35 of 3rd period - Shot Misses the Net.
14:38 of 3rd period - Jaden Schwartz is hit by Travis Hamonic.
14:45 of 3rd period - Off-side.
14:46 of 3rd period - Adam Lowry wins face-off versus Phillip Danault in neutral zone.
14:46 of 3rd period - Jacob Trouba is hit by Phillip Danault.
14:51 of 3rd period - Icing by Nick Foligno.
14:52 of 3rd period - Phillip Danault wins face-off versus Adam Lowry in BlackHawks zone.
15:05 of 3rd period - Nick Foligno is hit by Barclay Goodrow and loses puck.
15:11 of 3rd period - Phillip Danault is hit by Brenden Dillon and loses puck.
15:30 of 3rd period - Shot by Phillip Danault.
15:30 of 3rd period - Shot Blocked by Dylan DeMelo.
15:32 of 3rd period - Shot by Kyle Palmieri.
15:32 of 3rd period - Shot Misses the Net.
15:39 of 3rd period - Icing by Barclay Goodrow.
15:40 of 3rd period - Max Domi wins face-off versus Adam Lowry in Oilers zone.
16:05 of 3rd period - Icing by Adam Larsson.
16:06 of 3rd period - Pavel Zacha wins face-off versus Phil Kessel in BlackHawks zone.
16:18 of 3rd period - Yanni Gourde is hit by Brandon Carlo and loses puck.
16:26 of 3rd period - Jaden Schwartz is hit by Jacob Trouba and loses puck.
16:55 of 3rd period - Icing by Brent Burns.
16:56 of 3rd period - Phillip Danault wins face-off versus Pavel Zacha in Oilers zone.
17:22 of 3rd period - Shot by Gustav Nyquist.
17:22 of 3rd period - Stopped by Mikko Koskinen without a rebound.
17:23 of 3rd period - Barrett Hayton wins face-off versus Jared McCann in BlackHawks zone.
17:23 of 3rd period - Brenden Dillon is hit by Jake McCabe and loses puck.
17:31 of 3rd period - Barrett Hayton is hit by Jake McCabe and loses puck.
17:37 of 3rd period - Barrett Hayton is hit by Johnny Boychuk and loses puck.
17:41 of 3rd period - Barrett Hayton is hit by Jake McCabe and loses puck.
17:54 of 3rd period - Shot by Riley Nash.
17:54 of 3rd period - Shot Misses the Net.
18:07 of 3rd period - Icing by Jake McCabe.
18:08 of 3rd period - Adam Lowry wins face-off versus Jared McCann in BlackHawks zone.
18:09 of 3rd period - Shot by Barclay Goodrow.
18:09 of 3rd period - Shot Misses the Net.
18:11 of 3rd period - Shot by Nick Cousins.
18:11 of 3rd period - Stopped by Mikko Koskinen without a rebound.
18:12 of 3rd period - Adam Lowry wins face-off versus Nick Foligno in BlackHawks zone.
18:13 of 3rd period - Shot by Barclay Goodrow.
18:13 of 3rd period - Shot Misses the Net.
18:39 of 3rd period - Icing by Adam Lowry.
18:40 of 3rd period - Max Domi wins face-off versus Adam Lowry in Oilers zone.
18:57 of 3rd period - Shot by Max Domi.
18:57 of 3rd period - Stopped by Jonathan Quick with a rebound.
18:59 of 3rd period - Shot by Jaden Schwartz.
18:59 of 3rd period - Stopped by Jonathan Quick with a rebound.
19:57 of 3rd period - Shot by Evander Kane.
19:57 of 3rd period - Shot Blocked by Erik Johnson.
Goals for this period are 1 for Oilers vs 1 for BlackHawks.
Shots for this period are 12 for Oilers vs 11 for BlackHawks.